 Dungeon Crawl Stone Soup version 0.20.1-1-g8b1a95d (webtiles) character file.

176 BreadTh the Skirmisher (level 5, -5/55 HPs)
             Began as a Troll Transmuter on July 9, 2017.
             Splashed by a jelly's acid (10 damage)
             ... on level 3 of the Dungeon.
             The game lasted 00:05:23 (1523 turns).

BreadTh the Skirmisher (Troll Transmuter)           Turns: 1523, Time: 00:05:24

Health: -5/55      AC:  1    Str: 18    XL:     5   Next: 30%
Magic:  4/5        EV: 10    Int: 10    God:
Gold:   124        SH:  0    Dex: 10    Spells: 2/6 levels left

rFire    . . .     SeeInvis .     - Unarmed
rCold    . . .     Gourm    +   (no shield)
rNeg     . . .     Faith    .   b - +0 robe
rPois    .         Spirit   .   (helmet restricted)
rElec    .         Reflect  .   (no cloak)
rCorr    .         Harm     .   (gloves unavailable)
MR       .....                  (boots unavailable)
Stlth    ++........             (no amulet)
Regen    0.6/turn               u - ring of stealth
MPRegen  0.1/turn               (no ring)

@: appendage (expiring), corroded
A: unfitting armour, claws 3, talons 3, fast metabolism 3, gourmand,
regeneration 1, shaggy fur 1, tough skin 2
a: End Transformation


You were on level 3 of the Dungeon.
You were completely stuffed.
You had grown temporary talons.
You visited 1 branch of the dungeon, and saw 3 of its levels.

You collected 124 gold pieces.

Inventory:

Hand Weapons
 t - a +0 blowgun
Missiles
 a - 28 arrows
 p - 29 stones (quivered)
Armour
 b - a +0 robe (worn)
Jewellery
 u - a ring of stealth (left claw)
Scrolls
 e - a scroll of enchant weapon {unknown}
 h - a scroll of amnesia {unknown}
 k - 2 scrolls of identify {unknown}
 m - a scroll of magic mapping {unknown}
Potions
 f - 3 potions of curing {unknown}
 i - 2 potions of mutation {unknown}
 j - a potion of brilliance {unknown}
 l - 2 potions of heal wounds {unknown}
 q - 3 potions of haste {unknown}
 r - a potion of flight {unknown}
 s - a potion of cancellation {unknown}
Books
 c - a book of Changes

   Spells                             Type                      Level
   a - Beastly Appendage              Transmutation                1
   b - Sticks to Snakes               Transmutation                2
   c - Spider Form                    Transmutation/Poison         3
   d - Ice Form                       Ice/Transmutation            4
   e - Blade Hands                    Transmutation                5
Comestibles
 d - 3 bread rations
 g - 2 royal jellies
 n - 2 meat rations
 o - a chunk of flesh


   Skills:
 * Level 4.3 Fighting
 - Level 1.5 Dodging
 - Level 3.0 Unarmed Combat
 - Level 1.2 Spellcasting
 - Level 1.3 Transmutations


You had 2 spell levels left.
You knew the following spells:

 Your Spells              Type           Power        Failure   Level  Hunger
a - Beastly Appendage     Tmut           #.....       19%         1    ##.....
b - Spider Form           Tmut/Pois      #.........   58%         3    ####...


Dungeon Overview and Level Annotations

Branches:
Dungeon (3/15)

Altars:


Innate Abilities, Weirdness & Mutations

You are too large for most types of armour.
You have claws for hands.
Your metabolism is lightning-fast.
You like to eat raw meat.
Your natural rate of healing is unusually fast.
You are covered in fur. (AC +1)
You have very tough skin. (AC +2)
You have claws for feet.


Message History

The jelly hits you.
You are splashed with acid!
The acid burns!
* * * LOW HITPOINT WARNING * * *
Unknown command.
You scratch the jelly but do no damage.
Your claws burn!
* * * LOW HITPOINT WARNING * * *
The jelly is almost dead.
The jelly closely misses you.
Unknown command.
You scratch the jelly but do no damage.
Your claws burn!
* * * LOW HITPOINT WARNING * * *
The jelly is almost dead.
The jelly barely misses you.
You scratch the jelly but do no damage.
Your claws burn!
* * * LOW HITPOINT WARNING * * *
Your kick misses the jelly. You claw the jelly, but do no damage.
The jelly is almost dead.
The jelly hits you.
* * * LOW HITPOINT WARNING * * *
The acid corrodes you!
You are splashed with acid!
The acid burns!
You die...

.........##...........
.........##...........
########'###...........
.>.........'...........
.........###...........
..######## ####..##### ...# ##J#
#.### #..# #J# #....
#.J#############@################
#................................
##.##############.....####.######
#.# #.....##.....# # #.#
#.....##.....# # #.#
#.....##.....# # ##.#
#.....##.....# # ...#
#.....###...## # ####
########.....# #...# #


You could see a jelly and an ooze.

Vanquished Creatures
  A jelly (D:3)
  A worker ant (D:3)
  6 adders
  3 oozes
  3 worms
  A leopard gecko (D:2)
  An orc (D:3)
  A giant cockroach (D:2)
  5 goblins
  4 hobgoblins
  16 kobolds
  A quokka (D:2)
  A ball python (D:1)
  2 bats
  4 frilled lizards
  6 rats
  A plant (D:3)
57 creatures vanquished.

Vanquished Creatures (others)
  3 fungi (D:3)
  8 toadstools (D:3)
11 creatures vanquished.

Grand Total: 68 creatures vanquished

Notes
Turn   | Place    | Note
-------+----------+-------------------------------------------
     0 | D:1      | BreadTh the Troll Transmuter began the quest for the Orb.
     0 | D:1      | Reached XP level 1. HP: 18/18 MP: 1/1
    23 | D:1      | Reached skill level 1 in Fighting
   115 | D:1      | Reached XP level 2. HP: 25/28 MP: 2/2
   300 | D:1      | Reached skill level 2 in Fighting
   474 | D:2      | Reached XP level 3. HP: 26/36 MP: 3/3
   608 | D:2      | Reached skill level 3 in Fighting
   751 | D:2      | Reached XP level 4. HP: 33/45 MP: 2/4
  1310 | D:3      | Learned a level 3 spell: Spider Form
  1380 | D:3      | Reached skill level 4 in Fighting
  1395 | D:3      | Reached XP level 5. HP: 43/54 MP: 2/5
  1523 | D:3      | Splashed by a jelly's acid

Skill      XL: |  1  2  3  4 |
---------------+-------------+-----
Fighting       | 1 2 3 4 |  4.3
Dodging        | |  1.5
Unarmed Combat | |  3.0
Spellcasting   | |  1.2
Transmutations | |  1.3

Action                   |  1- 3 |  4- 6 || total
-------------------------+-------+-------++-------
Melee: Unarmed           |   103 |   102 ||   205
       Kick              |     2 |     6 ||     8
       Punch             |     1 |     2 ||     3
 Cast: Beastly Appendage |     2 |     5 ||     7
 Stab: Sleeping          |     1 |     1 ||     2
  Eat: Chunk             |    12 |     8 ||    20
Armor: Robe              |    21 |    24 ||    45
Dodge: Dodged            |    46 |    34 ||    80
